 Dungeon Crawl Stone Soup version 0.26-a0-812-g31a745ddcd (webtiles) character file.

Game seed: 346740326868546203

105 Dracia the Insei (level 4, 0/35 HPs)
             Began as a Draconian Transmuter on Nov 30, 2020.
             Killed by nerve-wracking pain
             ... invoked by an orc priest
              (12 damage)
             ... on level 1 of the Dungeon.
             The game lasted 00:05:35 (1917 turns).

Dracia the Insei (Draconian Transmuter)             Turns: 1917, Time: 00:05:35

Health: 0/35       AC:  7    Str: 12    XL:     4   Next: 54%
Magic:  5/7        EV: 12    Int: 13    God:
Gold:   122        SH:  0    Dex: 19    Spells: 4/7 levels left

rFire    . . .     SeeInvis .     - Unarmed
rCold    . . .     Faith    .   (no shield)
rNeg     . . .     Spirit   .   (armour unavailable)
rPois    .         Reflect  .   (helmet restricted)
rElec    .         Harm     .   (no cloak)
rCorr    .         Rampage  .   g - +0 pair of gloves
MR       .....                  b - +0 pair of boots
Stlth    ++........             (no amulet)
HPRegen  0.11/turn              f - +6 ring of dexterity
MPRegen  0.10/turn              (no ring)

@: wereblooded, very slightly contaminated, lightly drained
A: unfitting armour, cold-blooded, AC +5
a: no special abilities


You were on level 1 of the Dungeon.
You visited 1 branch of the dungeon, and saw 2 of its levels.

You collected 122 gold pieces.


Innate Abilities, Weirdness & Mutations

Your plain brown scales are hard. (AC +5)
You cannot fit into any form of body armour.
You are cold-blooded and may be slowed by cold attacks.


   Skills:
 - Level 1.1(0.8) Fighting
 - Level 1.7(1.4) Dodging
 + Level 5.4(5.0) Unarmed Combat
 - Level 2.0(1.6) Spellcasting
 - Level 2.0(1.6) Transmutations


You had 4 spell levels left.
You knew the following spells:

 Your Spells              Type           Power        Failure   Level
a - Beastly Appendage     Tmut           #.....       13%         1
b - Wereblood             Tmut           #.......     21%         2

Your spell library contained the following spells:

 Spells                   Type           Power        Failure   Level
 Spider Form              Tmut/Pois      #.........   50%         3
 Ice Form                 Ice/Tmut       #.......     88%         4
 Blade Hands              Tmut           #.........   98%         5

Inventory:

Armour
 b - a +0 pair of boots (worn)
 g - a +0 pair of gloves (worn)
Jewellery
 f - a +6 ring of dexterity (left hand)
 k - an uncursed ring of positive energy {unknown}
 l - an uncursed ring of protection from magic {unknown}
Scrolls
 a - 2 scrolls of enchant armour {unknown}
 c - a scroll of blinking {unknown}
 d - 2 scrolls of teleportation {unknown}
 e - a scroll of remove curse {unknown}
 h - a scroll of enchant weapon {unknown}
Potions
 i - a potion of flight {unknown}
 j - a potion of ambrosia {unknown}
 m - a potion of attraction {unknown}

Dungeon Overview and Level Annotations

Branches:
Dungeon (2/15)

Altars:

#...........#
###......
#...........#
#......
#.....).....####
#......
#####+#+#......#
#...... #.#........#
######.
#...#....(†#########
##..#......)........
#o.################
##@# ###


You could see an orc priest.


Message History

You miscast Beastly Appendage.
You are very lightly contaminated with residual magic.
Nothing appears to happen.
The orc priest barely misses you.
Unknown command.
You are too injured to fight recklessly!
You are too injured to fight recklessly!
You are too injured to fight recklessly!
You hit the orc priest.
The orc priest is lightly wounded.
The orc priest hits you with a +2 vorpal falchion.
* * * LOW HITPOINT WARNING * * *
x2 You closely miss the orc priest.
You tail-slap the orc priest.
The orc priest is heavily wounded.
The orc priest closely misses you.
You barely miss the orc priest. You punch the orc priest.
The orc priest is heavily wounded.
You closely miss the orc priest.
The orc priest is heavily wounded.
The orc priest drinks a potion.
The orc priest is healed!
You hit the orc priest.
The orc priest is moderately wounded.
The orc priest misses you.
You hit the orc priest but do no damage.
The orc priest is moderately wounded.
The orc priest closely misses you.
You hit the orc priest.
The orc priest is heavily wounded.
The orc priest invokes the aid of Beogh against you.
Pain shoots through your body!
You die...

Skill      XL: |  1  2  3 |
---------------+----------+-----
Unarmed Combat | 4 5 |  5.4
Fighting       | |  1.1
Dodging        | |  1.7
Spellcasting   | |  2.0
Transmutations | |  2.0

Action                   |  1- 3 |  4- 6 || total
-------------------------+-------+-------++-------
Melee: Unarmed           |   133 |    14 ||   147
       Tailslap          |    16 |     4 ||    20
       Headbutt          |     8 |       ||     8
       Kick              |    12 |     1 ||    13
       Punch             |     1 |     1 ||     2
 Cast: Beastly Appendage |    20 |     1 ||    21
       Wereblood         |       |     1 ||     1
 Stab: Sleeping          |     2 |       ||     2
Armor: Skin              |    42 |       ||    42
Dodge: Dodged            |    96 |     9 ||   105

Levels and vault maps discovered:
D:1:      dpeg_arrival_rooms_with_view, layout_basic
D:2:      layout_loops_ring

Notes
Turn   | Place    | Note
-------+----------+-------------------------------------------
     0 | D:1      | Dracia the Draconian Transmuter began the quest for the
                  | Orb.
     0 | D:1      | Reached XP level 1. HP: 16/16 MP: 3/3
    44 | D:1      | Reached XP level 2. HP: 21/23 MP: 3/5
   213 | D:1      | Reached skill level 4 in Unarmed Combat
   425 | D:1      | Reached XP level 3. HP: 28/28 MP: 4/6
  1513 | D:2      | Reached skill level 5 in Unarmed Combat
  1513 | D:2      | Reached XP level 4. HP: 25/35 MP: 5/7
  1882 | D:1      | Learned a level 2 spell: Wereblood
  1917 | D:1      | Killed from afar by an orc priest

Vanquished Creatures
  An orc priest (D:2)
  A gnoll (D:1)
  An adder (D:2)
  A worm (D:2)
  2 leopard geckos (D:2)
  An orc (D:2)
  A ball python (D:1)
  3 giant cockroaches
  4 goblins
  6 hobgoblins
  6 jackals (D:1)
  7 bats
  4 frilled lizards
  6 kobolds
  7 rats
51 creatures vanquished.

Table legend: (Time is in decaauts)
 A = Elapsed time spent in this place.
 B = Non-inter-level travel time spent in this place.
 C = Inter-level travel time spent in this place.
 D = Time resting spent in this place.
 E = Time spent auto-exploring this place.
 F = Levels seen in this place.
 G = Mean time per level.
                   A        B        C        D        E       F      G
               +--------+--------+--------+--------+--------+-----+--------+
         Total |   1906 |   1892 |     14 |    213 |   1306 |   2 |  953.0 |
       Dungeon |   1906 |   1892 |     14 |    213 |   1306 |   2 |  953.0 |
               +--------+--------+--------+--------+--------+-----+--------+

Top non-repeatable levels by time:
     D:1: 1160 daAuts
     D:2: 746 daAuts

Table legend:
 A = Non-vault XP
 B = Vault XP
 C = Vault XP percentage of total XP
 D = Non-vault monster count
 E = Vault monster count
 F = Vault count percentage of total count
                 A         B        C        D         E       F
            +---------+---------+-------+---------+---------+-------
      Total |     148 |       3 |   2.0 |      49 |       2 |   3.9
            +---------+---------+-------+---------+---------+-------
        D:1 |      61 |       3 |   4.7 |      30 |       2 |   6.2
        D:2 |      87 |       0 |   0.0 |      19 |       0 |   0.0
            +---------+---------+-------+---------+---------+-------
